 Dungeon Crawl Stone Soup version bcrawl-1.23.3-19-gdc5968f444 (webtiles) character file.

Game seed: 18279453868498139596

42 Freyura the Ducker (level 3, 0/28 HPs)
             Began as a Demonspawn Gladiator on June 6, 2020.
             Slain by a rat (3 damage)
             ... on level 1 of the Dungeon.
             The game lasted 00:02:03 (485 turns).

Freyura the Ducker (Demonspawn Gladiator)            Turns: 485, Time: 00:02:03

Health: 0/28       AC:  5    Str: 14    XL:     3   Next: 33%
Magic:  3/3        EV: 13    Int:  9    God:
Gold:   77         SH:  0    Dex: 15    Spells: 2/2 levels left

rFire    . . .     SeeInvis .   f - +2 whip (drain)
rCold    . . .     Gourm    .   (no shield)
rNeg     . . .     Faith    .   b - +0 leather armour
rPois    .         Spirit   .   c - +0 helmet
rElec    .         Reflect  .   g - +0 cloak
rCorr    .         Harm     .   (no gloves)
MR       .....                  (no boots)
Stlth    +.........             (no amulet)
HPRegen  0.09/turn              (no ring)
MPRegen  0.08/turn              (no ring)

@: no status effects
A: claws 1, powered by death 1
a: no special abilities


You were on level 1 of the Dungeon.
You were not hungry.

You visited 1 branch of the dungeon, and saw 1 of its levels.

You collected 77 gold pieces.

Inventory:

Hand Weapons
 a - a +0 quarterstaff
 f - a +2 whip of draining (weapon)
Missiles
 d - 3 throwing nets (quivered) {!f}
Armour
 b - a +0 leather armour (worn)
 c - a +0 helmet (worn)
 g - a +0 cloak (worn)
Scrolls
 i - a scroll of teleportation {unknown}
Potions
 h - a potion of curing {unknown}
Comestibles
 e - 2 rations {!d}


   Skills:
 + Level 2.5 Fighting
 + Level 1.0(2.0) Maces & Flails
 - Level 2.7(2.9) Staves
 - Level 1.7 Throwing
 + Level 1.1 Armour
 + Level 3.1 Dodging


You had 2 spell levels left.
You didn't know any spells.
Your spell library was empty.

Dungeon Overview and Level Annotations

Branches:
Dungeon (1/12)

Altars:


Innate Abilities, Weirdness & Mutations

You have sharp fingernails.
You regenerate a little health from kills.


Message History

The gnoll barely misses you.
You hit the gnoll but do no damage.
The gnoll is severely wounded.
The rat closely misses you. The rat barely misses you.
You barely miss the gnoll.
The gnoll is severely wounded.
The rat misses you. The gnoll misses you. The rat bites you but does no damage.
You hit the gnoll but do no damage. You drain the gnoll.
You kill the gnoll!
Your base Maces & Flails skill increases to level 1!
The rat closely misses you. x2
You barely miss the rat. The rat closely misses you. The rat bites you.
* * * LOW HITPOINT WARNING * * *
You hit the rat.
The rat is severely wounded.
The rat bites you but does no damage. The rat barely misses you.
You barely miss the rat.
The rat is severely wounded.
The rat barely misses you. The rat bites you.
You die...

.........## #...#.
..........########
#...#.
.................##
#####.
..................##
>..................#
............†......#
#..................#
....................
......)@r........##
......r.).......##
...............##
........########
........# .......##
......# ######


You could see 2 rats.

Vanquished Creatures
  A gnoll (D:1)
  A dart slug (D:1)
  A giant cockroach (D:1)
  5 goblins (D:1)
  5 hobgoblins (D:1)
  A jackal (D:1)
  A quokka (D:1)
  4 bats (D:1)
  A frilled lizard (D:1)
  6 kobolds (D:1)
  A rat (D:1)
27 creatures vanquished.

Notes
Turn   | Place    | Note
-------+----------+-------------------------------------------
     0 | D:1      | Freyura the Demonspawn Gladiator began the quest for the
                  | Orb.
     0 | D:1      | Reached XP level 1. HP: 16/16 MP: 1/1
   143 | D:1      | Gained mutation: You regenerate a little health from kills.
                  | [demonic ancestry]
   143 | D:1      | Reached XP level 2. HP: 22/22 MP: 2/2
   329 | D:1      | Reached skill level 3 in Dodging
   444 | D:1      | Reached skill level 1 in Armour
   464 | D:1      | Gained mutation: You have sharp fingernails. [demonic
                  | ancestry]
   464 | D:1      | Reached XP level 3. HP: 28/28 MP: 3/3
   482 | D:1      | Reached skill level 1 in Maces & Flails
   485 | D:1      | Slain by a rat

Skill      XL: |  1  2  3 |
---------------+----------+-----
Dodging        | 3 |  3.1
Armour         | 1 |  1.1
Maces & Flails | 1 |  1.0
Fighting       | |  2.5
Staves         | |  2.7
Throwing       | |  1.7

Action                   || total
-------------------------++-------
Melee: Whip              ||    67
Armor: Leather armour    ||    27
Dodge: Dodged            ||    53
